 Dungeon Crawl Stone Soup version 0.17-a0-896-g249456b (console) character file.

303 dunyain the Chopper (level 6, -23/44 HPs)
             Began as a Demonspawn Gladiator on May 1, 2015.
             Killed from afar by inmateoo's ghost (29 damage)
             ... with a bolt of negative energy
             ... on level 4 of the Dungeon.
             The game lasted 00:03:19 (2626 turns).

dunyain the Chopper (Demonspawn Gladiator)          Turns: 2626, Time: 00:03:19

Health: -23/44     AC: 12    Str: 15    XL:     6   Next: 15%
Magic:  6/6        EV: 11    Int: 10    God:
Gold:   213        SH:  0    Dex: 14    Spells: 0 memorised, 5 levels left

rFire  . . .     SeeInvis .     a - +0 war axe
rCold  . . .     Clarity  .     b - +0 leather armour
rNeg   . . .     SustAb   .     (no shield)
rPois  .         Gourm    .     c - +0 helmet
rElec  .         Spirit   .     g - +2 cloak
rCorr  .         Warding  .     y - +0 pair of gloves
rMut   .         Stasis   .     (no boots)
MR     .....                    (no amulet)
Stlth  +.........               (no ring)
                                (no ring)

@: heavily drained, not resistant to hostile enchantments, very unstealthy
A: rough black scales 1
a: no special abilities


You were on level 4 of the Dungeon.
You were not hungry.

You visited 1 branch of the dungeon, and saw 4 of its levels.

You collected 213 gold pieces.

Inventory:

Hand weapons
 a - a +0 war axe (weapon)
Missiles
 d - 3 throwing nets (quivered)
Armour
 b - a +0 leather armour (worn)
 c - a +0 helmet (worn)
 g - a +2 cloak (worn)
 y - a +0 pair of gloves (worn)
Magical devices
 x - a wand of frost (30)
Scrolls
 h - a scroll of teleportation {unknown}
 o - 2 scrolls of random uselessness {unknown}
 p - a scroll of enchant armour {unknown}
 r - a scroll of fog {unknown}
 t - 2 scrolls of identify {unknown}
 u - 2 scrolls of remove curse {unknown}
Potions
 m - 2 potions of resistance {unknown}
 n - a potion of cancellation
 s - a potion of might {unknown}
 w - a potion of brilliance {unknown}
Comestibles
 e - 2 bread rations
 f - 3 meat rations
 j - 2 beef jerkies
 q - 4 chunks of flesh
 v - 4 fruits


   Skills:
 - Level 2.0(0.0) Fighting
 + Level 6.3(4.1) Axes
 - Level 1.7(0.0) Throwing
 - Level 2.6(0.7) Dodging


You had 5 spell levels left.
You didn't know any spells.

Dungeon Overview and Level Annotations

Branches:
Dungeon (4/15)
 Temple: D:4-7

Altars:
Ashenzari
Kikubaaqudgha
Trog

Annotations:
D:4 inmateoo's ghost, experienced DrEE


Innate Abilities, Weirdness & Mutations

You are partially covered in rough black scales (AC +4, Dex -1).


Message History

Inmateoo's ghost is almost destroyed.
Inmateoo's ghost breathes negative energy at you.
The bolt of negative energy misses you.
Inmateoo's ghost hits you but does no damage.
Unknown command.
You hit inmateoo's ghost but do no damage.
Inmateoo's ghost is almost destroyed.
Inmateoo's ghost barely misses you.
Unknown command.
You hit inmateoo's ghost.
Inmateoo's ghost is almost destroyed.
Inmateoo's ghost completely misses you.
Unknown command.
You hit inmateoo's ghost.
Inmateoo's ghost is almost destroyed.
Inmateoo's ghost barely misses you.
Inmateoo's ghost breathes negative energy at you.
The bolt of negative energy hits you!
You feel drained.
Ouch! That really hurt!
You die...

. ## #...... ....
'.###...... .....
.......... #.....
..........
#.....###+#####..#.....
##......%...........#..#
..........##...##.###..#
#..................<..#
#...W@....##...##.....
#....##...รท###.#.##..##
..... ##...# #.####..##
...# #...<#### #..# .>
#.#..... #..# ..#...#.#
#..# #......._. #..#
##.....#. ...# #.......
...#


You could see inmateoo's ghost.

Vanquished Creatures
  Sigmund (D:2)
  An orc wizard (D:4)
  6 adders
  An adder skeleton (D:3)
  A worm (D:2)
  A giant gecko (D:3)
  2 orcs (D:4)
  5 goblins
  6 hobgoblins
  11 jackals
  5 kobolds
  A quokka (D:2)
  2 ball pythons (D:1)
  6 bats
  2 giant cockroaches
  2 giant newts (D:2)
  10 rats
63 creatures vanquished.

Notes
Turn   | Place    | Note
--------------------------------------------------------------
     0 | D:1      | dunyain, the Demonspawn Gladiator, began the quest for the Orb.
     0 | D:1      | Reached XP level 1. HP: 16/16 MP: 1/1
    74 | D:1      | Reached skill level 3 in Axes
   125 | D:1      | Gained mutation: You are partially covered in rough black scales (AC +4, Dex -1). [demonic ancestry]
   125 | D:1      | Reached XP level 2. HP: 17/22 MP: 2/2
   727 | D:2      | HP: 1/22 [poisoned by an adder]
  1052 | D:2      | Reached XP level 3. HP: 27/27 MP: 3/3
  1072 | D:2      | Reached skill level 4 in Axes
  1576 | D:2      | Reached XP level 4. HP: 33/33 MP: 4/4
  1589 | D:2      | Noticed Sigmund
  1600 | D:2      | Killed Sigmund
  1600 | D:2      | Reached skill level 5 in Axes
  1600 | D:2      | Reached XP level 5. HP: 14/38 MP: 5/5
  1828 | D:3      | Reached skill level 6 in Axes
  2027 | D:3      | Found a bloodstained altar of Trog.
  2421 | D:4      | Reached XP level 6. HP: 37/44 MP: 6/6
  2502 | D:4      | Found an ancient bone altar of Kikubaaqudgha.
  2592 | D:4      | Noticed inmateoo's ghost (experienced DrEE)
  2593 | D:4      | Found a shattered altar of Ashenzari.
  2626 | D:4      | Killed from afar by inmateoo's ghost

Action                   |  1- 3 |  4- 6 || total
-------------------------+-------+-------++-------
Melee: War axe           |   129 |   114 ||   243
  Use: Potion            |     3 |       ||     3
  Eat: Chunk             |     2 |     4 ||     6
